 Dungeon Crawl Stone Soup version 0.27-a0-760-gc38aae387d (webtiles) character file.

Game seed: 1895202158331837500

109 Lanoc the Grave Robber (level 4, -6/24 HPs)
             Began as a Deep Elf Wanderer on Mar 26, 2021.
             Was an Initiate of Hepliaklqana.
             Killed by divine providence
             ... invoked by an orc priest
              (17 damage)
             ... on level 3 of the Dungeon.
             The game lasted 00:06:11 (3480 turns).

Lanoc the Grave Robber (Deep Elf Wanderer)          Turns: 3480, Time: 00:06:12

Health: -6/24      AC:  2    Str:  9    XL:     4   Next: 60%
Magic:  5/10       EV: 11    Int: 19    God:    Hepliaklqana [......]
Gold:   105        SH:  0    Dex: 13    Spells: 3/9 levels left

rFire    . . .     SeeInvis .   k - +2 dagger (venom)
rCold    . . .     Faith    .   (no shield)
rNeg     . . .     Spirit   .   e - +0 robe
rPois    .         Reflect  .   (no helmet)
rElec    .         Harm     .   (no cloak)
rCorr    .         Rampage  .   (no gloves)
Will     .....                  (no boots)
Stlth    ++........             (no amulet)
HPRegen  0.08/turn              (no ring)
MPRegen  0.12/turn              (no ring)

@: very slightly contaminated
A: reduced essence
a: Renounce Religion, Recall Ancestor, Ancestor Identity


You were on level 3 of the Dungeon.
You worshipped Hepliaklqana.
Hepliaklqana was noncommittal.
You visited 1 branch of the dungeon, and saw 3 of its levels.

You collected 105 gold pieces.

Inventory:

Hand Weapons
 d - a +0 quarterstaff
 k - a +2 dagger of venom (weapon)
Armour
 e - a +0 robe (worn)
Scrolls
 a - a scroll of teleportation {unknown}
 c - a scroll of noise {unknown}
 f - a scroll of fog {unknown}
 g - a scroll of identify {unknown}
Potions
 b - 3 potions of heal wounds
 h - 2 potions of invisibility {unknown}
 i - a potion of degeneration {unknown}
 j - a potion of might {unknown}


   Skills:
 + Level 2.7 Fighting
 - Level 1.0 Staves
 - Level 2.4 Stealth
 - Level 1.0 Shields
 - Level 3.0 Spellcasting
 - Level 3.6 Necromancy
 + Level 3.2 Poison Magic


You had 3 spell levels left.
You knew the following spells:

 Your Spells              Type           Power      Damage    Failure   Level
a - Sting                 Tmut/Pois      36%        1d4       8%          1
b - Searing Ray           Conj           4%         3d3       22%         2
c - Ignite Poison         Fire/Tmut/Pois 6%         N/A       28%         3

Your spell library contained the following spells:

 Spells                   Type           Power      Damage    Failure   Level
 Magic Dart               Conj           8%         1d3       16%         1
 Dazzling Flash           Conj/Hex       4%         N/A       41%         3
 Fulminant Prism          Conj/Hex       1%         3d6       83%         4
 Iskenderun's Mystic Bla  Conj/Tloc      2%         2d3       83%         4


Dungeon Overview and Level Annotations

Branches:
Dungeon (3/15)

Altars:
Hepliaklqana
Nemelex Xobeh
Okawaru
Trog
Vehumet

Shops:
D:1 *


Message History

Ulric closely misses the orc.
The orc hits you with a +0 club.
You swap places.
The orc priest hits Ulric with a +0 mace!
The orc throws a boomerang.
The boomerang barely misses Ulric.
The boomerang closely misses you.
Ulric hits the orc.
The orc dies!
There is an open door here.
The orc barely misses Ulric.
Ulric hits the orc priest but does no damage.
Casting: Sting (safe; 8% risk of failure)
Confirm with . or Enter, or press ? or * to list all spells.
Aiming: Searing Ray (safe; 22% risk of failure)
Press: ? - help, Shift-Dir - straight line, f - orc priest
Aim: an orc priest, wielding a +0 mace and wearing a +0 leather armour (26% to evade)
You miscast Searing Ray.
You are very lightly contaminated with residual magic.
Nothing appears to happen.
The orc hits Ulric with a +0 club.
The orc priest hits you with a +0 mace.
Ulric closely misses the orc.
Casting: Searing Ray (safe; 22% risk of failure)
Confirm with . or Enter, or press ? or * to list all spells.
Aiming: Searing Ray (safe; 22% risk of failure)
Press: ? - help, Shift-Dir - straight line, f/p - orc priest
Aim: an orc priest, wielding a +0 mace and wearing a +0 leather armour (26% to evade) Really fire in your ally Ulric's direction?
Okay, then.
Casting: Searing Ray (safe; 22% risk of failure)
Confirm with . or Enter, or press ? or * to list all spells.
Aiming: Sting (safe; 8% risk of failure)
Press: ? - help, Shift-Dir - straight line, f/p - orc priest
Aim: an orc priest, wielding a +0 mace and wearing a +0 leather armour (32% to evade) Really fire in your ally Ulric's direction?
The sting misses the orc priest.
The sting hits Ulric.
Ulric partially resists.
Ulric is severely damaged.
The orc throws a boomerang.
The boomerang barely misses Ulric.
The boomerang hits the orc priest.
The orc priest mumbles some strange prayers to Beogh against you.
Beogh smites you!
Ouch! That really hurt!
You die...

###+### ##.....##
#......!# #.......# ..
+..._...+ #. #.......#
####. #.@oRo..# ##....
##..)..##.# ##.....##
###'####.#
#.......#######.# ##.##
#............†..###...##
#.#
#....<..######.........
#.#
##................#.†.#
#.#
#......####.####.##.##
.##.# #.#.#..## #.#
#.##.# .##.#


You could see the friendly Ulric the ancestor, an orc priest and an orc (ally
target).

Vanquished Creatures
  2 adders (D:2)
  A worm (D:2)
  2 dart slugs
  2 endoplasms
  6 giant cockroaches
  6 hobgoblins
  4 jackals (D:2)
  A kobold (D:1)
  A quokka (D:1)
  4 ball pythons
  4 bats
  7 frilled lizards
  6 goblins
  5 rats (D:1)
51 creatures vanquished.

Vanquished Creatures (collateral kills)
  Robin (D:3)
  An adder (D:3)
  An orc (D:3)
  A goblin (D:3)
  5 hobgoblins (D:3)
  A kobold (D:3)
10 creatures vanquished.

Grand Total: 61 creatures vanquished

Notes
Turn   | Place    | Note
-------+----------+-------------------------------------------
     0 | D:1      | Lanoc the Deep Elf Wanderer began the quest for the Orb.
     0 | D:1      | Lanoc set off with the following items: a +2 dagger, a
                  | potion of heal wounds, a +0 quarterstaff, a +0 robe; and
                  | the following spell memorised: Sting; and the following
                  | spells available to memorise: Ignite Poison
     0 | D:1      | Reached XP level 1. HP: 12/12 MP: 6/6
   112 | D:1      | Reached skill level 1 in Poison Magic
   408 | D:1      | Reached XP level 2. HP: 8/16 MP: 4/8
   991 | D:1      | Found Ysina's General Store.
  1506 | D:2      | Reached XP level 3. HP: 21/21 MP: 7/9
  1946 | D:2      | Learned a level 3 spell: Ignite Poison
  2078 | D:2      | Found a sparkling altar of Nemelex Xobeh.
  2084 | D:2      | Found an iron altar of Okawaru.
  2089 | D:2      | Found a bloodstained altar of Trog.
  2369 | D:2      | Found a hazy altar of Hepliaklqana.
  2436 | D:2      | Became a worshipper of Hepliaklqana the Forgotten
  3075 | D:3      | Reached XP level 4. HP: 24/24 MP: 8/10
  3131 | D:3      | Noticed Robin
  3139 | D:3      | Killed Robin
  3451 | D:3      | Learned a level 2 spell: Searing Ray
  3470 | D:3      | Found a radiant altar of Vehumet.
  3480 | D:3      | Killed from afar by an orc priest

Illustrated notes

Levels and vault maps discovered:
D:1:      ebering_hopf_link, layout_basic, serial_shops, nicolae_shop_crystal,
          hex_large, minmay_worlds_worst_comb
D:2:      layout_loops_corners, nicolae_hepliaklqana_hazy_memory,
          minmay_overflow_temple_star_quad
D:3:      cheibrodos_greedy_goblins, layout_loops_ring,
          nicolae_vehumet_altar_sigil, doesnt_xom_only_xom, uniq_robin

Skill      XL: |  1  2  3  4 |
---------------+-------------+-----
Poison Magic   | 1 2 3 |  3.2
Fighting       | 2 |  2.7
Staves         | |  1.0
Stealth        | |  2.4
Shields        | |  1.0
Spellcasting   | |  3.0
Necromancy     | |  3.6

Action                   |  1- 3 |  4- 6 || total
-------------------------+-------+-------++-------
Melee: Dagger            |    15 |    11 ||    26
 Cast: Sting             |    96 |    26 ||   122
Armor: Robe              |    16 |     3 ||    19
Dodge: Dodged            |    42 |     8 ||    50

Table legend: (Time is in decaauts)
 A = Elapsed time spent in this place.
 B = Non-inter-level travel time spent in this place.
 C = Inter-level travel time spent in this place.
 D = Time resting spent in this place.
 E = Time spent auto-exploring this place.
 F = Levels seen in this place.
 G = Mean time per level.
                   A        B        C        D        E       F      G
               +--------+--------+--------+--------+--------+-----+--------+
         Total |   3478 |   3463 |     15 |      0 |   3118 |   3 | 1159.3 |
       Dungeon |   3478 |   3463 |     15 |      0 |   3118 |   3 | 1159.3 |
               +--------+--------+--------+--------+--------+-----+--------+

Top non-repeatable levels by time:
     D:2: 1602 daAuts
     D:1: 1468 daAuts
     D:3: 408 daAuts
